 Dungeon Crawl Stone Soup version 0.30-a0-1053-gbd8d5ba0ad (webtiles) character file.

Game seed: 96329183661020216

590 ytrimaz the Magician (level 6, -7/46 HPs)
             Began as a Demigod Transmuter on Apr 10, 2023.
             Mangled by a killer bee (8 damage)
             ... on level 5 of the Dungeon on Apr 11, 2023.
             The game lasted 00:05:04 (3981 turns).

ytrimaz the Magician (Demigod Transmuter)           Turns: 3981, Time: 00:05:05

Health: -7/46      AC:  4    Str: 10 (11) XL:     6   Next: 93%
Magic:  12/16      EV: 12    Int: 20 (23) God:
Gold:   240        SH:  0    Dex: 13 (14) Spells: 5/15 levels left

rFire   . . .      SeeInvis .      - Unarmed
rCold   . . .      Faith    .    (no shield)
rNeg    . . .      Spirit   .    a - +0 robe
rPois   .          Reflect  .    (helmet restricted)
rElec   .          Rampage  .    (no cloak)
rCorr   .                        e - +1 pair of gloves
Will    +....                    (no boots)
Stlth   +                        (no amulet)
HPRegen 0.27/turn                k - ring of willpower
MPRegen 0.15/turn                o - ring of wizardry

@: lethally poisoned (-7 -> -21)
A: high MP 1, forlorn, divine attributes, antennae 1, devolution 1
a: no special abilities


You were on level 5 of the Dungeon.
You visited 1 branch of the dungeon, and saw 5 of its levels.

You collected 240 gold pieces.


Innate Abilities, Weirdness & Mutations

You have an increased reservoir of magic. (+10% MP)
You shall have no god before yourself.
Your divine heritage dramatically boosts your attributes as you level up.
You have a pair of small antennae on your head.
You have hidden genetic defects.


   Skills:
 - Level 0.8 Fighting
 - Level 1.7 Dodging
 - Level 2.6 Unarmed Combat
 + Level 5.0 Spellcasting
 + Level 4.2 Transmutations
 - Level 2.0 Ice Magic
 - Level 1.0 Poison Magic


You had 5 spell levels left.
You knew the following spells:

 Your Spells              Type           Power      Damage    Failure   Level
a - Beastly Appendage     Tmut           44%        N/A       1%          1
b - Wereblood             Tmut           22%        N/A       1%          2
c - Spider Form           Tmut/Pois      15%        N/A       4%          3
d - Ice Form              Ice/Tmut       17%        N/A       13%         4

Your spell library contained the following spells:

 Spells                   Type           Power      Damage    Failure   Level


Inventory:

Armour
 a - a +0 robe (worn)
 e - a +1 pair of gloves (worn)
   (You found it on level 1 of the Dungeon)
Jewellery
 f - a ring of magical power
   (You found it on level 4 of the Dungeon)
 k - a ring of willpower (left hand)
   (You found it on level 2 of the Dungeon)
 m - a +6 ring of dexterity
   (You found it on level 4 of the Dungeon)
 o - a ring of wizardry (right hand)
   (You found it on level 3 of the Dungeon)
Scrolls
 g - a scroll of fear {unknown}
 j - a scroll of enchant weapon {unknown}
 n - 2 scrolls of teleportation
Potions
 b - a potion of degeneration
 c - a potion of brilliance {unknown}
 h - a potion of cancellation
 i - 2 potions of mutation
 l - 2 potions of heal wounds {unknown}
 p - 2 potions of might {unknown}
 q - a potion of ambrosia {unknown}

Dungeon Overview and Level Annotations

Branches:
Dungeon (5/15) Zot: 26031
 Temple: D:4-7

Annotations:
D:2 1 runed translucent door, Crazy Yiuf
D:4 3 runed translucent doors, Iich's ghost, amateur DsHu

# .# ####.#
#....#
#....#
#....#
#####....#
#@y......#
#y###...##.#
#(.#.......#
...#.#######
###.#.# .#.#
.#.# .#.###
#...#


You could see 2 killer bees.


Message History

You punch the iguana! You freeze the iguana!
You feel a bit better.
You kill the iguana!
A killer bee comes into view. x2
Your Spellcasting skill increases to level 5! 😮 HP[+3]
You regained 3 hp, and now have 36/55 hp.
You are too injured to fight recklessly!
Unknown command.
The killer bee buzzes angrily.
The killer bee stings you but does no damage.
You see here an iguana corpse. 😮 HP[+1]
You are too injured to fight recklessly!
Unknown command.
You are too injured to fight recklessly!
You punch the killer bee! You freeze the killer bee.
The killer bee barely misses you. The killer bee completely misses you.
You are too injured to fight recklessly!
You hit the killer bee. You freeze the killer bee.
The killer bee closely misses you. The killer bee stings you. 😮 HP[-4]
You take 4 damage, and now have 33/55 hp.
Unknown command.
You are too injured to fight recklessly!
You closely miss the killer bee. The killer bee stings you.
The killer bee barely misses you. x2
The killer bee stings you but does no damage. 😮 HP[-5]
You take 5 damage, and now have 28/55 hp.
You are too injured to fight recklessly!
You barely miss the killer bee. The killer bee stings you!
* * * LOW HITPOINT WARNING * * *
The killer bee stings you.
* * * LOW HITPOINT WARNING * * *
The killer bee stings you but does no damage.
The killer bee stings you.
* * * LOW HITPOINT WARNING * * *
Unknown command. 😱 HP[-15]
You take 15 damage, and now have 13/55 hp.
MASSIVE DAMAGE!! (PAUSE)
You hit the killer bee. You freeze the killer bee.
You howl as the wereblood boils in your veins!
The killer bee stings you but does no damage.
The killer bee stings you.
* * * LOW HITPOINT WARNING * * *
The killer bee stings you but does no damage.
The killer bee barely misses you. 😱 HP[-6] MP[+1]
You take 6 damage, and now have 7/55 hp.
Unknown command.
It was a potion of degeneration.
There was something very wrong with that liquid.
You feel weakened.
You feel dopey.
You feel clumsy. The killer bee closely misses you.
The killer bee completely misses you. The killer bee closely misses you.
The killer bee stings you but does no damage.
Unknown command.
Okay, then.
It was a potion of curing.
You feel better.
The killer bee stings you but does no damage.
The killer bee closely misses you. x2; The killer bee stings you.
* * * LOW HITPOINT WARNING * * *
😱 HP[+5]
You regained 5 hp, and now have 12/55 hp.
It was a potion of cancellation.
Your magical effects are unravelling.
You feel magically purged.
You warm up again.
Your +1 pair of gloves unmelds from your body.
Your +0 robe unmelds from your body.
Your primal bloodlust has ended.
The killer bee barely misses you. The killer bee stings you.
* * * LOW HITPOINT WARNING * * *
The killer bee stings you but does no damage.
The killer bee stings you.
* * * LOW HITPOINT WARNING * * *
You are lethally poisoned!
The killer bee poisons you! 😱 HP[-7]
You now have 46 max hp (-9).
Unknown command.
You feel better. The killer bee completely misses you.
The killer bee stings you but does no damage.
The killer bee stings you!
* * * LOW HITPOINT WARNING * * *
You are lethally poisoned!
The killer bee poisons you! The killer bee stings you.
* * * LOW HITPOINT WARNING * * *
You are more poisoned.
The killer bee poisons you! 😱 HP[-1]
You take 1 damage, and now have 4/46 hp.
It was a potion of mutation.
You feel extremely strange.
You feel a hidden malignance growing inside you.
A pair of antennae grows on your head!
* * * LOW HITPOINT WARNING * * *
You feel very sick. The killer bee stings you!
You die...

Skill      XL: |  1  2  3  4  5  6 |
---------------+-------------------+-----
Transmutations | 2 3 4 |  4.2
Spellcasting   | 2 3 4 5 |  5.0
Poison Magic   | 1 |  1.0
Ice Magic      | 2 |  2.0
Fighting       | |  0.8
Dodging        | |  1.7
Unarmed Combat | |  2.6

Action                     |  1- 3 |  4- 6 || total
---------------------------+-------+-------++-------
  Melee: Unarmed           |    74 |   157 ||   231
         Kick              |    12 |    16 ||    28
         Headbutt          |     7 |    12 ||    19
         Punch             |     1 |     2 ||     3
   Cast: Beastly Appendage |    19 |    17 ||    36
         Spider Form       |     2 |     7 ||     9
         Wereblood         |       |     6 ||     6
         Ice Form          |       |     6 ||     6
    Use: Potion            |     1 |     5 ||     6
         Scroll            |       |     7 ||     7
 Armour: Robe              |    22 |    23 ||    45
         Skin              |     2 |    31 ||    33
  Dodge: Dodged            |    51 |   103 ||   154

Levels and vault maps discovered:
D:1:      lightli_arrival_quake, layout_loops_corners
D:2:      layout_loops_corners, minmay_pentomino_u2, uniq_natasha,
          uniq_crazy_yiuf_cottage, uniq_terence
D:3:      layout_basic, mainiacjoe_overflow_small_starburst,
          dreamdust_ecumenical_altar_grove, grunt_ministairs_15,
          roderic_serpentine_path
D:4:      layout_cave_pools, marbit_many_paths, gammafunk_ghost_split,
          eino_small_chamber_without_monster
D:5:      layout_basic, nicolae_tso_carved_into_rock,
          mainiacjoe_overflow_boulevard, minmay_temple_entry_nine_rooms

Notes
Turn   | Place    | Note
-------+----------+-------------------------------------------
     0 | D:1      | ytrimaz the Demigod Transmuter began the quest for the Orb.
     0 | D:1      | Reached XP level 1. HP: 15/15 MP: 5/5
     0 | D:1      | magus.rc [v1.9.6]
   131 | D:1      | Reached skill level 2 in Transmutations
   141 | D:1      | Reached skill level 2 in Spellcasting
   525 | D:1      | Reached XP level 2. HP: 17/22 MP: 5/7
   767 | D:1      | Learned a level 2 spell: Wereblood
   994 | D:2      | Found a runed translucent door.
   995 | D:2      | Noticed Crazy Yiuf
  1014 | D:2      | Noticed Terence
  1029 | D:2      | Killed Terence
  1030 | D:2      | Reached XP level 3. HP: 19/27 MP: 7/9
  1144 | D:2      | Learned a level 3 spell: Spider Form
  1369 | D:2      | Noticed Natasha
  1377 | D:2      | Killed Natasha
  1378 | D:2      | Reached skill level 3 in Spellcasting
  1560 | D:2      | Noticed Natasha
  1565 | D:2      | Killed Natasha
  1566 | D:2      | Reached skill level 3 in Transmutations
  1566 | D:2      | Reached XP level 4. HP: 34/34 MP: 7/11
  2174 | D:3      | Upgraded the game from 0.30-a0-1043-g60ff8d5f49 to
                  | 0.30-a0-1053-gbd8d5ba0ad
  2174 | D:3      | magus.rc [v1.9.6]
  2588 | D:3      | Identified the +3 trident "Pananaw" {venom, Str+5 Dex-5}
  2725 | D:3      | Learned a level 4 spell: Ice Form
  2819 | D:3      | Reached XP level 5. HP: 39/39 MP: 11/13
  3027 | D:4      | Reached skill level 1 in Poison Magic
  3108 | D:4      | Identified the +2 leather armour "Avaitrinyho" {rElec rN++
                  | Will- Stlth+}
  3169 | D:4      | Reached skill level 4 in Spellcasting
  3324 | D:4      | Reached XP level 6. HP: 46/46 MP: 10/16
  3578 | D:4      | Reached skill level 4 in Transmutations
  3578 | D:4      | Reached skill level 1 in Ice Magic
  3631 | D:4      | Identified the +4 helmet "Hyaqojecw" {Harm Will+ Regen+
                  | Int-4}
  3696 | D:4      | Noticed Iich's ghost (amateur DsHu)
  3702 | D:4      | Found a runed translucent gate.
  3702 | D:4      | Found a runed translucent gate.
  3702 | D:4      | Found a runed translucent gate.
  3934 | D:5      | Entered Level 5 of the Dungeon
  3969 | D:5      | Reached skill level 2 in Ice Magic
  3971 | D:5      | Reached skill level 5 in Spellcasting
  3975 | D:5      | HP: 13/55 [killer bee (2)]
  3979 | D:5      | HP: 5/46 [killer bee (3)]
  3981 | D:5      | Gained mutation: You have hidden genetic defects. [potion
                  | of mutation]
  3981 | D:5      | Gained mutation: You have a pair of small antennae on your
                  | head. [potion of mutation]
  3981 | D:5      | HP: 1/46 [poisoned by a killer bee]
  3981 | D:5      | Mangled by a killer bee

Vanquished Creatures
  A phantom (D:4)
  2 killer bees (D:5)
  A jelly (D:4)
  3 orc priests
  A hound (D:4)
  Terence (D:2)
  2 iguanas
  2 orc wizards (D:4)
  Natasha (twice) (D:2)
  2 adders (D:4)
  14 orcs
  8 ball pythons
  5 endoplasms
  3 giant cockroaches
  6 goblins
  6 hobgoblins
  6 jackals
  8 quokkas
  6 bats
  2 frilled lizards
  A kobold (D:3)
  5 rats (D:2)
87 creatures vanquished.

Vanquished Creatures (others)
  8 fungi (D:3)
  4 plants (D:3)
12 creatures vanquished.

Grand Total: 99 creatures vanquished

Table legend:
 A = Non-vault XP
 B = Vault XP
 C = Vault XP percentage of total XP
 D = Non-vault monster count
 E = Vault monster count
 F = Vault count percentage of total count
                 A         B        C        D         E       F
            +---------+---------+-------+---------+---------+-------
      Total |     762 |      82 |   9.7 |      79 |       8 |   9.2
            +---------+---------+-------+---------+---------+-------
        D:1 |      22 |       0 |   0.0 |      14 |       0 |   0.0
        D:2 |      66 |      72 |  52.2 |      20 |       3 |  13.0
        D:3 |      64 |      10 |  13.5 |      12 |       5 |  29.4
        D:4 |     444 |       0 |   0.0 |      30 |       0 |   0.0
        D:5 |     166 |       0 |   0.0 |       3 |       0 |   0.0
            +---------+---------+-------+---------+---------+-------

Illustrated notes

Table legend:
 A = Kills in this place as a percentage of kills in the entire game.
 B = Kills by you in this place as a percentage of kills by you in the entire game.
 C = Kills by friends in this place as a percentage of kills by friends in the entire game.
 D = Other kills in this place as a percentage of other kills in the entire game.
 E = Experience gained in this place as a percentage of experience gained in the entire game.
 F = Experience gained in this place divided by the number of levels of this place that you have seen.
                   A       B       C       D       E      F
               +-------+-------+-------+-------+-------+----------------------
         Total | 100.0 | 100.0 |   N/A |   N/A | 100.0 | 168.8
       Dungeon | 100.0 | 100.0 |   N/A |   N/A | 100.0 | 168.8
               +-------+-------+-------+-------+-------+----------------------

Table legend: (Time is in decaauts)
 A = Elapsed time spent in this place.
 B = Non-inter-level travel time spent in this place.
 C = Inter-level travel time spent in this place.
 D = Time resting spent in this place.
 E = Time spent auto-exploring this place.
 F = Levels seen in this place.
 G = Mean time per level.
                   A        B        C        D        E       F      G
               +--------+--------+--------+--------+--------+-----+--------+
         Total |   3967 |   3892 |     75 |    124 |   3057 |   5 |  793.4 |
       Dungeon |   3967 |   3892 |     75 |    124 |   3057 |   5 |  793.4 |
               +--------+--------+--------+--------+--------+-----+--------+

Top non-repeatable levels by time:
     D:2: 1197 daAuts
     D:1: 961 daAuts
     D:4: 927 daAuts
     D:3: 835 daAuts
     D:5: 46 daAuts
